 Dungeon Crawl Stone Soup version 0.31-a0-176-g91f28db67f (webtiles) character file.

Game seed: 12446365058726407604

101 qw the Chopper (level 4, -3/28 HPs)
             Began as a Gargoyle Fighter on June 17, 2023.
             Slain by a gnoll
             ... wielding a +0 spear
              (8 damage)
             ... on level 2 of the Dungeon.
             The game lasted 00:00:54 (1142 turns).

qw the Chopper (Gargoyle Fighter)                   Turns: 1142, Time: 00:00:55

Health: -3/28      AC: 13    Str: 21    XL:     4   Next: 75%
Magic:  4/4        EV:  9    Int:  9    God:
Gold:   116        SH:  4    Dex:  9    Spells: 3/3 levels left

rFire   . . .        a - +0 war axe
rCold   . . .        c - +0 buckler
rNeg    + . .        b - +0 scale mail
rPois   inf          (no helmet)
rElec   +            (no cloak)
rCorr   .            g - +2 pair of gloves
SInv    .            (no boots)
Will    +....        (no amulet) Stlth
                     e - ring of willpower
HPRegen 0.24/turn    (no ring)
MPRegen 0.09/turn

%: no passive effects
@: no status effects
A: sickness immunity, AC +3, negative energy resistance 1, electricity
resistance, torment resistance 1, petrification resistance
a: no special abilities


You were on level 2 of the Dungeon.
You visited 1 branch of the dungeon, and saw 2 of its levels.

You collected 116 gold pieces.


Innate Abilities, Weirdness & Mutations

You are immune to sickness and miasma.
Your stone body is resilient. (AC +3)
You are immune to poison.
You resist negative energy. (rN+)
You are resistant to electric shocks. (rElec)
You are resistant to unholy torment.
You are immune to petrification.


   Skills:
 - Level 3.2 Fighting
 + Level 4.3 Axes
 - Level 3.2 Armour
 - Level 3.2 Shields


You had 3 spell levels left.
You didn't know any spells.
Your spell library was empty.

Inventory:

Hand Weapons
 a - a +0 war axe (weapon)
 f - a +0 club
Armour
 b - a +0 scale mail (worn)
 c - a +0 buckler (worn)
 g - a +2 pair of gloves (worn)
Jewellery
 e - a ring of willpower (left hand)
 k - a ring of fire
Scrolls
 h - 3 scrolls of vulnerability {unknown}
 j - 3 scrolls of noise {unknown}
 l - a scroll of identify {unknown}
 m - 2 scrolls of teleportation {unknown}
Potions
 d - 2 potions of might
 i - a potion of heal wounds {unknown}
 n - a potion of haste {unknown}

Dungeon Overview and Level Annotations

Branches:
Dungeon (2/15)

Altars:


Message History

Enter note:
Enter note:
Enter note:
Enter note: The gnoll hits you but does no damage.
The gnoll barely misses you. The gnoll hits you but does no damage.
Enter note:
Enter note:
Enter note:
Enter note:
Enter note:
Enter note:
Enter note:
Enter note:
Enter note: You slash the gnoll!
The gnoll is heavily wounded.
You closely miss the gnoll. The gnoll hits you but does no damage.
The gnoll hits you with a +0 halberd. You block the gnoll's attack.
The gnoll hits you from afar with a +0 spear. x2
The gnoll hits you but does no damage. You block the gnoll's attack.
The gnoll barely misses you.
You closely miss the gnoll.
The gnoll is heavily wounded.
You slash the gnoll!
The gnoll hits you from afar with a +0 spear.
The gnoll barely misses you. You block the gnoll's attack.
The gnoll hits you from afar with a +0 spear!
You closely miss the gnoll.
The gnoll is severely wounded.
You closely miss the gnoll.
The gnoll hits you but does no damage. x2; The gnoll closely misses you. x2
You slash the gnoll!
You kill the gnoll!
You slash the gnoll!
You kill the gnoll!
The gnoll hits you from afar with a +0 spear.
The gnoll hits you from afar with a +0 spear!
You die...

...####........
.###....#.######..######
.###.####.# #........
.#...# #.# #........
...### #.# #........
#..## #.# #<.>.....
#...# #.# #g.g.....
#.#.# #.######).......
#.#.#####......#@)......
#.#.......####..........
#.#...###.# ##.....#(##
#.#..## #.# #####...#
.....## #.# ##.#
..##..###.# #
#..##..##.# ##.####...#
......##..#


You could see 2 gnolls.

Vanquished Creatures
  2 gnolls (D:2)
  3 adders (D:2)
  3 worms (D:2)
  3 dart slugs
  4 ball pythons
  2 bats
  4 endoplasms
  A giant cockroach (D:1)
  6 goblins
  A hobgoblin (D:2)
  4 jackals (D:2)
  4 kobolds
  3 quokkas (D:2)
  6 frilled lizards
  19 rats
65 creatures vanquished.

Notes
Turn   | Place    | Note
-------+----------+-------------------------------------------
     0 | D:1      | qw the Gargoyle Fighter began the quest for the Orb.
     0 | D:1      | Reached XP level 1. HP: 14/14 MP: 1/1
     0 | D:1      | 0 ||| qw: Version: 0.3-a-5-g6f28e65
     0 | D:1      | 0 ||| qw: Game counter: 459
     0 | D:1      | 0 ||| qw: Always use a shield: true
     0 | D:1      | 0 ||| qw: God list: Okawaru
     0 | D:1      | 0 ||| qw: Allow faded altars: false
     0 | D:1      | 0 ||| qw: Do Orc after D:15 true
     0 | D:1      | 0 ||| qw: Do second Lair branch before Depths: true
     0 | D:1      | 0 ||| qw: Lair rune preference: random
     0 | D:1      | 0 ||| qw: Plans: Normal, Zot:1-4, Slime:5, God:TSO, Crypt,
                  | Tomb, Abyss, Pan, Hells, Win
     0 | D:1      | 0 ||| PLANNING D:1-11
     9 | D:1      | Found a faded altar of an unknown god.
    54 | D:1      | Reached skill level 2 in Axes
    78 | D:1      | 78 ||| Stepping ~*~*~tactically~*~*~ (stealth).
   104 | D:1      | Reached XP level 2. HP: 19/19 MP: 2/2
   311 | D:1      | Reached skill level 3 in Axes
   485 | D:1      | 485 ||| UPGRADING to +2 pair of gloves.
   490 | D:1      | 490 ||| UPGRADING to ring of willpower.
   503 | D:2      | Reached XP level 3. HP: 22/23 MP: 3/3
   660 | D:2      | 660 ||| Stepping ~*~*~tactically~*~*~ (stealth).
   661 | D:2      | 661 ||| Stepping ~*~*~tactically~*~*~ (stealth).
   728 | D:2      | Reached XP level 4. HP: 28/28 MP: 4/4
   777 | D:2      | 777 ||| Stepping ~*~*~tactically~*~*~ (hiding).
   866 | D:2      | Reached skill level 4 in Axes
  1142 | D:2      | HP: 5/28 [gnoll/+0 spear (4)]
  1142 | D:2      | Slain by a gnoll

Levels and vault maps discovered:
D:1:      amcnicky_arrival_choice, layout_rooms, basic_ecumenical_altar,
          minmay_misc_feat_encased
D:2:      layout_rooms, minivault_19, dreamdust_mushroom_princess,
          grunt_ministairs_11, minmay_rat_hole

Skill      XL: |  1  2  3  4 |
---------------+-------------+-----
Axes           | 2 3 4 |  4.3
Fighting       | |  3.2
Armour         | |  3.2
Shields        | |  3.2

Action                     |  1- 3 |  4- 6 || total
---------------------------+-------+-------++-------
  Melee: War axe           |    91 |    68 ||   159
 Armour: Scale mail        |    62 |    28 ||    90
  Dodge: Dodged            |    42 |    27 ||    69
  Block: Buckler           |    19 |    15 ||    34

Table legend:
 A = Non-vault XP
 B = Vault XP
 C = Vault XP percentage of total XP
 D = Non-vault monster count
 E = Vault monster count
 F = Vault count percentage of total count
                 A         B        C        D         E       F
            +---------+---------+-------+---------+---------+-------
      Total |     147 |      27 |  15.5 |      44 |      21 |  32.3
            +---------+---------+-------+---------+---------+-------
        D:1 |      31 |       0 |   0.0 |      18 |       0 |   0.0
        D:2 |     116 |      27 |  18.9 |      26 |      21 |  44.7
            +---------+---------+-------+---------+---------+-------
